Map: Oceanborn LE

Players

RSonist - Winner!

  • Race: Protoss Protoss
  • League: Silver
  • Spawn Location: 11:00

A.I. 1 (Easy)

  • Race: Zerg Zerg
  • Spawn Location: 5:00

VOD

Have the link to the VOD?

Description

Time

  • Played on: Nov. 10, 2024, 12:47 p.m.
  • Length: 10:33
Show
View Real Time Build Order
Export as new Build Order

RSonist Protoss - Winner!

Build Orders: Archon Immortal 

Get SALT Encoding   

  12  0:00  Probe  
  13  0:13  Probe  
  14  0:28  Pylon  
  14  0:32  Probe  
  15  0:46  Probe  
  15  0:49  Assimilator  
  16  0:58  Probe  
  16  1:03  Gateway  
  17  1:10  Probe  
  18  1:22  Probe  
  19  1:34  Probe  
  20  1:47  Probe  
  21  1:54  Cybernetics Core  
  21  2:02  Nexus  
  21  2:20  Probe  
  22  2:24  Assimilator  
  22  2:36  Warp Gate (Chrono Boost)  
  22  2:40  Gateway  
  22  2:47  Pylon  
  22  2:51  Shield Battery  
  22  2:59  Probe  
  22  3:05  Stalker  
  25  3:14  Probe x2  
  27  3:21  Pylon  
  27  3:26  Probe x2  
  29  3:27  Stalker  
  31  3:40  Robotics Facility  
  31  3:48  Probe x2  
  33  3:58  Gateway  
  33  4:00  Gateway, Probe x2  
  33  4:01  Pylon  
  35  4:11  Stalker x2  
  35  4:12  Probe x2  
  41  4:24  Probe x2  
  41  4:27  Observer (Chrono Boost)  
  44  4:36  Probe x2  
  46  4:39  Immortal (Chrono Boost)  
  46  4:42  Assimilator  
  46  4:44  Assimilator  
  50  4:49  Probe x2  
  52  5:01  Robotics Facility  
  52  5:05  Pylon  
  52  5:12  Probe x2  
  54  5:14  Stalker x3  
  60  5:24  Probe x2  
  62  5:37  Robotics Bay  
  62  5:38  Immortal  
  66  5:46  Probe  
  66  5:49  Pylon  
  67  6:17  Twilight Council  
  67  6:23  Colossus  
  67  6:24  Extended Thermal Lance (Chrono Boost)  
  73  6:34  Pylon  
  73  6:37  Pylon  
  73  6:39  Pylon  
  73  6:44  Pylon  
  73  6:52  Probe  
  80  6:59  Colossus (Chrono Boost)  
  80  7:03  Gateway  
  80  7:05  Gateway  
  80  7:06  Gateway  
  80  7:09  Gateway  
  80  7:21  Templar Archives, Immortal (Chrono Boost)  
  84  7:23  Pylon  
  84  7:42  Warp Prism (Chrono Boost)  
  86  8:07  High Templar x2  
  86  8:08  High Templar x2, Forge  
  86  8:09  Forge  
  86  8:10  High Templar x2  
  98  8:14  Archon x2  
  98  8:15  Archon  
  97  8:44  Pylon  
  97  8:45  Pylon  
  97  8:47  Pylon  
  97  8:50  Immortal  
  97  8:51  Immortal  
  105  9:20  High Templar x2  
  105  9:23  Zealot x5  
  119  9:31  Archon  
  117  10:07  Zealot x6  
  117  10:08  Zealot x2  
Show
View Real Time Build Order
Export as new Build Order

A.I. 1 (Easy) Zerg 

Build Orders: Pool First 

Get SALT Encoding   

  12  0:01  Drone  
  13  0:12  Overlord  
  13  0:16  Drone  
  14  0:30  Drone  
  14  0:35  Drone  
  16  0:43  Spawning Pool  
  16  0:44  Extractor  
  16  0:46  Drone  
  15  0:50  Drone  
  16  0:57  Overlord  
  16  1:30  Queen  
  16  1:31  Zergling x2  
  19  1:34  Roach Warren  
  19  1:35  Drone, Extractor  
  18  1:42  Drone  
  18  1:43  Zergling x2  
  20  1:53  Drone  
  21  2:03  Overlord  
  21  2:14  Drone  
  22  2:25  Drone  
  23  2:36  Drone, Roach  
  26  2:41  Drone  
  27  2:47  Drone  
  28  3:00  Ravager  
  28  3:01  Roach  
  31  4:23  Zergling x2  
  31  5:16  Drone, Overlord, Lair, Roach  
  31  5:20  Drone  
  35  5:34  Drone  
  35  5:35  Overlord, Roach  
  38  5:39  Drone  
  38  5:53  Roach  
  34  6:10  Zergling x2  
  35  6:17  Overseer x2  
  35  6:19  Hydralisk Den  
  34  6:28  Hatchery  
  34  6:29  Drone, Roach  
  36  6:49  Hydralisk  
  38  7:07  Hydralisk  
  40  7:41  Drone  
  41  7:46  Drone  
  41  7:50  Drone  
  43  7:52  Extractor  
  43  7:54  Drone  
  43  7:55  Extractor  
  42  7:59  Drone  
  42  8:03  Drone  
  44  8:07  Drone  
  44  8:11  Drone  
  46  8:16  Drone  
  47  8:20  Drone  
  47  8:24  Drone  
  49  8:29  Drone  
  49  8:33  Drone  
  51  8:37  Drone  
  52  8:42  Drone  
  52  8:43  Overlord  
  52  8:46  Drone  
  54  8:50  Drone  
  54  8:55  Drone  
  56  8:59  Drone  
  57  9:03  Drone  
  57  9:08  Drone  
  57  9:09  Overseer  
  59  9:10  Overlord  
  59  9:28  Drone  
  60  9:36  Roach  
  51  9:40  Overlord  
  51  9:41  Overseer  
  44  9:47  Drone  
  44  9:51  Drone  
  27  9:53  Roach  
  27  9:58  Evolution Chamber  
  27  9:59  Drone  
  25  10:05  Drone, Overseer  
  19  10:10  Drone, Zergling x2  
  12  10:14  Drone  
  12  10:20  Infestation Pit  
Tags
 
Composition
Archon Immortal
League
Silver
Matchup
PvZ
Opening
Pool First
Spawn Locations
Cross Positions
Add a new tag
Caveats
  • Supply blocks, unpowered buildings, or Contaminate may cause inaccurate times.
  • Supply counts are checked every 10 seconds.